 Dungeon Crawl Stone Soup version 0.21-a0-498-g1b60429 (webtiles) character file.

110917 rjrrt the Severer (level 16, -3/147 HPs)
             Began as a Minotaur Berserker on Nov 24, 2017.
             Was the Champion of Trog.
             Slain by a stone giant (18 damage)
             ... on level 1 of the Depths.
             The game lasted 00:58:55 (25135 turns).

rjrrt the Severer (Minotaur Berserker)             Turns: 25135, Time: 00:58:55

Health: -3/147     AC: 30    Str: 28      XL:     16   Next: 8%
Magic:  0/19       EV: 15    Int:  2 (4)  God:    Trog [******]
Gold:   1589       SH:  0    Dex: 14      Spells: 15/15 levels left

rFire    . . .     SeeInvis +   a - +3 battleaxe (vamp)
rCold    + . .     Gourm    .   (shield currently unavailable)
rNeg     . . .     Faith    .   M - +1 plate armour {rC+}
rPois    .         Spirit   +   (helmet restricted)
rElec    .         Reflect  .   y - +1 cloak
rCorr    .         Harm     .   D - +2 pair of gloves {Dex+3}
MR       +....                  L - +2 pair of boots {Fly}
Stlth    ..........             P - amulet of guardian spirit
HPRegen  0.34/turn              h - +3 ring of protection
MPRegen  0.16/turn              r - ring of see invisible

@: flying, very slightly contaminated
A: retaliatory headbutt, horns 2
a: Berserk, Trog's Hand, Brothers in Arms, Burn Spellbooks, Renounce Religion,
Stop Flying


You were on level 1 of the Depths.
You worshipped Trog.
Trog was exalted by your worship.
You were not hungry.

You visited 4 branches of the dungeon, and saw 24 of its levels.
You also visited: Labyrinth.

You collected 3014 gold pieces.
You spent 1425 gold pieces at shops.

Inventory:

Hand Weapons
 a - a +3 vampiric battleaxe (weapon)
 c - the +4 war axe "Piseumiokh" {antimagic, *Corrode MR+++ Int+2}
   (Trog gifted it to you on level 2 of the Lair of Beasts)

   It reduces the magical energy of the wielder, and disrupts the spells and
   magical abilities of those hit.
   Natural abilities and divine invocations are not affected.
   It affects your intelligence (+2).
   It affects your resistance to hostile enchantments.
   It may corrode you when you take damage.
 m - a +3 antimagic executioner's axe
Missiles
 v - 2 javelins (quivered)
Armour
 y - a +1 cloak (worn)
 D - a +2 pair of gloves of dexterity (worn)
 L - a +2 pair of boots of flying (worn)
 M - a +1 plate armour of cold resistance (worn)
Jewellery
 h - a +3 ring of protection (left hand)
 k - an uncursed amulet of the gourmand
 l - an uncursed ring of resist corrosion
 p - an uncursed ring of fire
 r - a ring of see invisible (right hand)
 s - a +5 amulet of reflection
 P - an amulet of guardian spirit (around neck)
Wands
 n - a wand of acid (5)
 I - a wand of scattershot (11)
 O - a wand of disintegration (28)
 Q - a wand of iceblast (4)
 R - a wand of digging (5)
Scrolls
 e - 14 scrolls of teleportation
 w - 10 scrolls of remove curse
 z - a scroll of identify
 B - 2 scrolls of blinking
 F - 2 scrolls of magic mapping
 H - a scroll of vulnerability
 N - a scroll of summoning
 U - a scroll of fog
Potions
 d - 12 potions of curing
 f - 8 potions of agility
 i - 5 potions of might
 j - a potion of invisibility
 t - 4 potions of heal wounds
 u - 2 potions of ambrosia
 x - 3 potions of resistance
 A - a potion of cancellation
 C - 5 potions of lignification
 E - 5 potions of haste
 J - 2 potions of mutation
Comestibles
 g - 9 meat rations
 o - a chunk of flesh
 q - 13 bread rations
 G - 12 royal jellies
 K - 28 fruits


   Skills:
 + Level 14.8 Fighting
 * Level 20.8 Axes
 + Level 14.6 Armour
 + Level 13.6 Dodging
 + Level 5.9 Evocations


You had 15 spell levels left.
You didn't know any spells.

Dungeon Overview and Level Annotations

Branches:
Dungeon (15/15)            Temple (0/1) D:4            Lair (6/6) D:9
  Swamp (0/4) Lair:3       Spider (0/4) Lair:3        Slime (0/5) Lair:6
    Orc (2/2) D:11            Elf (0/3) Orc:2        Vaults (0/5) D:13
 Depths (1/5) D:15

Altars:
Ashenzari
Cheibriados
Dithmenos
Elyvilon
Gozag
Trog
Uskayaw
Yredelemnul
The Shining One
Jiyva

Shops:
D:6 [[?*!!   D:10 %   D:14 *   Orc:2 =[*?%[

Annotations:
Lair:4 exclusion: oklob plant
Lair:6 1 runed door
Orc:2 1 runed door, exclusion: 4 orange crystal statues


Innate Abilities, Weirdness & Mutations

You reflexively headbutt those who attack you in melee.
You have a pair of horns on your head.


Message History

You slice the rakshasa!!
You kill the rakshasa!
Trog accepts your kill.
The stone giant shimmers and vanishes! x3
Unknown command.
The yaktaur shoots a bolt.
The bolt misses you.
The stone giant hits you but does no damage.
Things that are here:
a whip; a robe Unknown command.
Unknown command.
You hit the stone giant but do no damage.
You headbutt the stone giant!
The stone giant is moderately wounded.
The stone giant hits you but does no damage.
Unknown command.
Unknown command.
The yaktaur shoots a bolt.
The bolt closely misses you. The stone giant hits you!!
You die...

#..##+#####
#..#........
..+....$...
##########'#........
#....c.(.(....(.....
#....)..............
+....(()...(........
#..>.<.[...)........
#..........C@.......
#...........#####+##
#...........#
#...}.......#
#...........#
#...........#
#...........(...#
..........###.#
..........#


You could see a stone giant and a yaktaur.

Vanquished Creatures
  2 stone giants (Depths:1)
  A vampire knight (Depths:1)
  The ghost of Scypho the Fighter, a journeyman MiFi of the Shining One (Lair:3)
  An ettin (D:15)
  Josephine (D:10)
  A minotaur (Lab)
  3 ogre magi
  Harold (Orc:1)
  4 vault guards (D:13)
  8 hydras
  A rakshasa (Depths:1)
  A catoblepas (D:15)
  2 centaur warriors
  20 two-headed ogres
  A death knight (D:15)
  4 death yaks (Lair:6)
  3 tengu warriors
  Nergalle (Orc:1)
  A hell knight (D:15)
  2 deep trolls (Orc:2)
  A deep elf archer (D:15)
  A glowing orange brain (Depths:1)
  2 unseen horrors
  The ghost of Ruich the Basher, a novice DrBe of Trog (D:5)
  An orc knight (Orc:1)
  A wolf spider zombie (D:12)
  3 orc sorcerers
  3 ugly things
  An oklob plant (Lair:6)
  A deep elf mage (D:15)
  6 cyclopes
  4 manticores
  3 black mambas
  10 elephants (Lair:3)
  A torpor snail (Lair:4)
  25 spiny frogs
  3 centaur skeletons
  3 kobold demonologists
  A rime drake (Lair:6)
  A redback zombie (D:15)
  4 freezing wraiths
  4 komodo dragons
  16 trolls
  2 tengu conjurers
  2 hornets
  A queen bee (Lair:1)
  A polar bear (Lair:4)
  4 tyrant leeches (Lair:6)
  7 hippogriffs
  22 blink frogs
  13 slime creatures
  A shadow (D:9)
  A redback (Lair:3)
  Sigmund (D:3)
  3 vampires
  3 wraiths (D:10)
  54 yaks
  3 wyverns
  2 basilisks (Lair:3)
  13 vampire mosquitoes
  Grum (D:10)
  2 hungry ghosts
  2 acid dragons
  A soldier ant (D:11)
  6 porcupines
  13 water moccasins
  A black bear (Lair:3)
  19 orc warriors
  7 ice beasts
  32 ogres
  A necrophage (D:11)
  5 phantoms
  3 sky beasts
  4 boggarts (D:15)
  3 eyes of draining
  8 wolves
  25 centaurs
  10 crocodiles
  4 big kobolds
  31 bullfrogs
  3 wyvern zombies
  4 scorpions
  25 killer bees
  4 wights (D:12)
  9 howler monkeys
  7 electric eels
  3 centaur zombies
  3 bullfrog zombies
  9 crimson imps
  6 jellies
  A quasit (D:9)
  7 hounds
  3 bullfrog skeletons
  9 orc priests
  2 iguanas
  24 orc wizards
  Crazy Yiuf (D:2)
  Jessica (D:3)
  6 hell rats (Lair:6)
  14 worker ants
  Natasha (thrice) (D:3)
  A killer bee zombie (D:7)
  2 hound skeletons
  A hound zombie (D:10)
  A worker ant zombie (D:10)
  7 gnolls
  A howler monkey skeleton (D:10)
  17 adders
  4 shadow imps
  2 oozes
  2 adder zombies
  5 worms
  3 dart slugs
  3 leopard geckos
  49 orcs
  8 bats
  4 giant cockroaches
  6 hobgoblins
  14 jackals
  6 quokkas
  8 frilled lizards
  14 goblins
  28 kobolds
  A quokka zombie (D:6)
  7 rats
  A butterfly (Lair:5)
  8 fungi
  5 plants
818 creatures vanquished.

Vanquished Creatures (collateral kills)
  An orc warrior (Orc:2)
  2 orc priests (Orc:2)
  2 orc wizards (Orc:2)
5 creatures vanquished.

Vanquished Creatures (others)
  An orc warrior (Orc:2)
  13 fungi
  37 plants
51 creatures vanquished.

Grand Total: 874 creatures vanquished

Notes
Turn   | Place    | Note
-------+----------+-------------------------------------------
     0 | D:1      | rjrrt the Minotaur Berserker began the quest for the Orb.
     0 | D:1      | Reached XP level 1. HP: 19/19 MP: 0/0
    77 | D:1      | Reached skill level 4 in Axes
    81 | D:1      | Reached XP level 2. HP: 23/26 MP: 1/1
   244 | D:1      | Reached skill level 5 in Axes
   461 | D:2      | Reached XP level 3. HP: 25/31 MP: 2/2
   467 | D:2      | Reached ** piety under Trog
   661 | D:2      | Found a bloodstained altar of Trog.
   723 | D:2      | Reached skill level 6 in Axes
   723 | D:2      | Reached XP level 4. HP: 34/39 MP: 3/3
   980 | D:2      | Found a runed door.
   984 | D:2      | Noticed Crazy Yiuf
   990 | D:2      | Killed Crazy Yiuf
  1332 | D:3      | Noticed Natasha
  1341 | D:3      | Killed Natasha
  1341 | D:3      | Reached skill level 7 in Axes
  1341 | D:3      | Reached XP level 5. HP: 19/45 MP: 4/4
  1561 | D:3      | Noticed Natasha
  1573 | D:3      | Killed Natasha
  1605 | D:3      | Noticed Natasha
  1615 | D:3      | Killed Natasha
  1687 | D:3      | Found a white marble altar of Elyvilon.
  1701 | D:3      | Reached *** piety under Trog
  1717 | D:3      | Reached skill level 8 in Axes
  1926 | D:3      | Reached XP level 6. HP: 43/51 MP: 5/5
  1931 | D:3      | Found an opulent altar of Gozag.
  1941 | D:3      | Found a snail-covered altar of Cheibriados.
  2001 | D:3      | Noticed Jessica
  2009 | D:3      | Killed Jessica
  2048 | D:3      | Noticed Sigmund
  2056 | D:3      | Killed Sigmund
  2056 | D:3      | Reached skill level 9 in Axes
  2198 | D:4      | Reached XP level 7. HP: 55/58 MP: 6/6
  2223 | D:4      | Found a staircase to the Ecumenical Temple.
  2264 | D:4      | Found a basalt altar of Yredelemnul.
  2770 | D:4      | Found a hide-covered altar of Uskayaw.
  3113 | D:4      | Found a glowing golden altar of the Shining One.
  3421 | D:5      | Entered Level 5 of the Dungeon
  3428 | D:5      | Reached skill level 10 in Axes
  3740 | D:5      | Reached XP level 8. HP: 52/67 MP: 7/7
  3826 | D:5      | Reached **** piety under Trog
  3826 | D:5      | Reached skill level 5 in Fighting
  4074 | D:5      | Noticed Ruich's ghost (novice DrBe)
  4120 | D:5      | Killed Ruich's ghost
  4120 | D:5      | Reached skill level 11 in Axes
  4120 | D:5      | Reached skill level 5 in Armour
  4120 | D:5      | Reached skill level 5 in Dodging
  4351 | D:5      | Reached XP level 9. HP: 75/75 MP: 8/8
  4528 | D:5      | Found a bloodstained altar of Trog.
  4528 | D:5      | Found a shattered altar of Ashenzari.
  4642 | D:6      | Found Ysaileak's Elemental Accessories.
  4657 | D:6      | Found Wowo's Magic Scroll Boutique.
  4743 | D:6      | Received a gift from Trog
  4778 | D:6      | Found Jetopuq's Antique Armour Emporium.
  4931 | D:6      | Found Myrie's Distillery.
  4950 | D:6      | Reached skill level 12 in Axes
  4968 | D:6      | Found Turodet's Distillery.
  5008 | D:6      | Found Offiwod's Armour Shoppe.
  5963 | D:8      | Noticed a troll
  5976 | D:8      | Killed a troll
  5976 | D:8      | Reached XP level 10. HP: 69/88 MP: 4/9
  5987 | D:8      | Reached ***** piety under Trog
  6162 | D:8      | Noticed a two-headed ogre
  6174 | D:8      | Killed a two-headed ogre
  6174 | D:8      | Reached skill level 13 in Axes
  6444 | D:8      | Found a shadowy altar of Dithmenos.
  6931 | D:9      | Found a staircase to the Lair.
  7540 | D:9      | Reached skill level 14 in Axes
  8250 | D:9      | You fall through a shaft!
  8250 | D:10     | Entered Level 10 of the Dungeon
  8399 | D:10     | Noticed a two-headed ogre
  8407 | D:10     | Killed a two-headed ogre
  8407 | D:10     | Reached XP level 11. HP: 87/97 MP: 10/10
  8556 | D:10     | Noticed Grum
  8575 | D:10     | Killed Grum
  8575 | D:10     | Received a gift from Trog
  8943 | D:10     | Found Fiahej's Food Shoppe.
  9082 | D:10     | Noticed Josephine
  9095 | D:10     | Killed Josephine
  9388 | D:10     | Reached skill level 15 in Axes
  9497 | D:10     | Reached skill level 10 in Fighting
  9813 | Lair:1   | Entered Level 1 of the Lair of Beasts
  9915 | Lair:1   | Got a crude war axe
  9916 | Lair:1   | Identified the +4 war axe "Zekoriob" {freeze, rC+ rN+ Int-2} (You found it on level 1 of the Lair of Beasts)
 11186 | Lair:2   | Reached skill level 10 in Armour
 11385 | Lair:2   | Received a gift from Trog
 11388 | Lair:2   | Got an encrusted war axe {god gift}
 11404 | Lair:2   | Identified the +4 war axe "Piseumiokh" {antimagic, *Corrode MR+++ Int+2} (Trog gifted it to you on level 2 of the Lair of Beasts)
 11740 | Lair:3   | Reached XP level 12. HP: 90/107 MP: 11/11
 12054 | Lair:3   | Noticed a four-headed hydra
 12055 | Lair:3   | Noticed a six-headed hydra
 12083 | Lair:3   | Killed a four-headed hydra
 12083 | Lair:3   | Reached skill level 16 in Axes
 12095 | Lair:3   | Killed a six-headed hydra
 12346 | Lair:3   | Found a staircase to the Swamp.
 12373 | Lair:3   | Reached skill level 10 in Dodging
 13296 | Lair:3   | Found a hole to the Spider Nest.
 13300 | Lair:3   | Noticed Scypho's ghost (journeyman MiFi)
 13346 | Lair:3   | Killed Scypho's ghost
 13890 | Lair:4   | Reached skill level 17 in Axes
 14046 | Lair:4   | Reached XP level 13. HP: 83/117 MP: 12/12
 14488 | Lair:4   | Received a gift from Trog
 15592 | Lair:6   | Entered Level 6 of the Lair of Beasts
 15920 | Lair:6   | Received a gift from Trog
 16230 | Lair:6   | Reached skill level 18 in Axes
 17137 | Lair:6   | Reached XP level 14. HP: 104/127 MP: 10/13
 17422 | Lair:6   | Found a runed door.
 17422 | Lair:6   | Found a viscous altar of Jiyva.
 17423 | Lair:6   | Found a staircase to the Slime Pits.
 17423 | Lair:6   | Noticed an azure jelly
 17423 | Lair:6   | Noticed an azure jelly
 17790 | D:6      | Bought a pitted plate armour for 728 gold pieces
 17790 | D:6      | Identified the cursed +1 plate armour "Puxerphaa" {Str+2} (You bought it in a shop on level 6 of the Dungeon)
 17813 | D:6      | Bought 2 potions of heal wounds for 110 gold pieces
 18525 | D:11     | Reached ****** piety under Trog
 18531 | D:11     | Received a gift from Trog
 18677 | D:11     | Found a staircase to the Orcish Mines.
 18726 | Orc:1    | Entered Level 1 of the Orcish Mines
 18744 | Orc:1    | Paralysed by an orc sorcerer for 7 turns
 18746 | Orc:1    | Noticed Nergalle
 18768 | Orc:1    | Killed Nergalle
 19066 | Orc:1    | Reached skill level 1 in Evocations
 19070 | Orc:1    | Noticed Harold
 19089 | Orc:1    | Killed Harold
 19385 | Orc:2    | Entered Level 2 of the Orcish Mines
 19610 | Orc:2    | Found Letsygok's Jewellery Emporium.
 19707 | Orc:2    | Found a staircase to the Elven Halls.
 19878 | Orc:1    | Reached skill level 19 in Axes
 19937 | Orc:2    | Received a gift from Trog
 20332 | Orc:2    | Found the +10 large shield of Ignorance {rN+ Int-4}
 20345 | Orc:2    | Found a runed door.
 20373 | Orc:2    | Found Pioc's Magic Scroll Shoppe.
 20455 | Orc:2    | Found Ytzepsev's Food Shoppe.
 20461 | Orc:2    | Found Xoczoaqi's General Store.
 20467 | Orc:2    | Found Kiwavas's Armour Emporium.
 20494 | Orc:2    | Bought a scroll of blinking for 112 gold pieces
 20669 | Orc:2    | Found a runed door.
 20671 | Orc:2    | Found Fyrid's Antique Armour Emporium.
 20678 | Orc:2    | Bought a pair of glowing gloves for 150 gold pieces
 20678 | Orc:2    | Bought a pair of ichor-stained boots for 190 gold pieces
 20679 | Orc:2    | Identified the cursed +0 pair of boots of Complete Protection {rElec rC- SInv} (You bought it in a shop on level 2 of the Orcish Mines)
 21148 | D:12     | Reached XP level 15. HP: 124/137 MP: 11/16
 21651 | D:13     | Found a labyrinth entrance.
 21662 | Lab      | Entered a labyrinth
 22365 | D:13     | Reached skill level 20 in Axes
 22370 | D:13     | Received a gift from Trog
 22380 | D:13     | Got a polished battleaxe {god gift}
 22458 | D:13     | Identified the +2 battleaxe of Anguish {freeze, Dex+2} (Trog gifted it to you on level 13 of the Dungeon)
 22884 | D:13     | Found a gate to the Vaults.
 23308 | D:14     | Found Oplos's Assorted Antiques.
 23328 | D:14     | Bought a small coral ring for 135 gold pieces
 23520 | D:14     | Received a gift from Trog
 23602 | D:14     | Reached skill level 5 in Evocations
 24037 | D:15     | Entered Level 15 of the Dungeon
 24690 | D:15     | Found a staircase to the Depths.
 24842 | D:15     | Received a gift from Trog
 25002 | Depths:1 | Entered Level 1 of the Depths
 25018 | Depths:1 | Reached XP level 16. HP: 118/147 MP: 9/19
 25135 | Depths:1 | Slain by a stone giant

Vault maps used:
D:1:      lightli_arrival_chessboard
D:2:      serial_park_tiny_1, bloody_trog, uniq_crazy_yiuf_cottage
D:3:      lemuel_round_altar, grunt_temple_overflow_open, uniq_natasha,
          uniq_jessica, uniq_sigmund
D:4:      kennysheep_mini, kennysheep_little_box, yredelemnul_altar_generic,
          temple_fountains
D:5:      amethyst_overflow_temple_binary, first_bread
D:6:      serial_shops, kennysheep_mini_moat, nicolae_shop_statue_plus,
          nicolae_shop_behind_doors, shop_statue, shop_fountains,
          nicolae_elemental_shop
D:8:      grunt_dithmenos_smoke
D:9:      lair_entry_dummy
D:10:     serial_shops, shop, uniq_grum, uniq_josephine
D:11:     orc_0_dummy
D:12:     blue_anna_alchemist
D:13:     lightli_vaults_fourway_checkpoint, enter_bailey_3, lab_entry_generic,
          kennysheep_generic_room_6
D:14:     minmay_hedge_maze, serial_shops, shop
D:15:     hangedman_depths_entry_civil_slaughter, grunt_decor_arrowhead
Lair:1:   special_room, serial_bayou_lagoon_b
Lair:2:   serial_bayou_shore_a
Lair:3:   minmay_swamp_entry_eels, spider_nest_entry_rubble, grunt_megastairs_5
Lair:5:   hibernation_bobbens, grunt_megastairs_1, lemuel_fruit_fields,
          serial_bayou_shore_b
Lair:6:   minmay_lair_end_frog_pond, slime_altar_2, minmay_lair_oklob_items,
          serial_bayou_shore_b
Orc:1:    uniq_harold, uniq_nergalle
Orc:2:    st_orc_open, serial_shops, shop, nicolae_shop_stone,
          chequers_guarded_unrand_ignorance
Depths:1: hellmouth_1, minmay_misc_feat_four_crosses, kennysheep_inner_square,
          grunt_megastairs_2
Lab:      nicolae_lab_dead_adventurers

Skill      XL: |  1  2  3  4  5  6  7  8  9 10 11 12 13 14 15 |
---------------+----------------------------------------------+-----
Axes           | 4 5 6 7 8 9 10 11 12 14 15 17 18 19 20 | 20.8
Fighting       | 4 6 7 9 10 11 12 13 14 | 14.8
Armour         | 4 5 7 8 10 11 12 13 14 | 14.6
Dodging        | 3 5 6 8 9 10 11 12 13 | 13.6
Evocations     | 3 5 |  5.9

Action                   |  1- 3 |  4- 6 |  7- 9 | 10-12 | 13-15 | 16-18 || total
-------------------------+-------+-------+-------+-------+-------+-------++-------
Melee: Hand axe          |    83 |   107 |   344 |   416 |       |       ||   950
       Headbutt          |     9 |    22 |    82 |   154 |   298 |     6 ||   571
       War axe           |       |       |       |   270 |   366 |       ||   636
       Trident           |       |       |       |    19 |    17 |       ||    36
       Battleaxe         |       |       |       |       |   769 |    31 ||   800
Throw: Tomahawk          |       |       |     7 |       |       |       ||     7
       Javelin           |       |       |       |     2 |       |       ||     2
Invok: Berserk           |       |     1 |     3 |     5 |     4 |       ||    13
       Burn Spellbooks   |       |       |       |     2 |     5 |       ||     7
       Trog's Hand       |       |       |       |       |     2 |       ||     2
       Brothers in Arms  |       |       |       |       |     1 |       ||     1
Evoke: Wand              |       |       |       |     7 |       |     5 ||    12
  Use: Scroll            |       |     6 |    12 |    14 |    12 |     1 ||    45
       Potion            |       |       |       |       |       |     1 ||     1
 Stab: Sleeping          |       |     1 |       |       |       |       ||     1
  Eat: Chunk             |       |     5 |    12 |    22 |    41 |       ||    80
       Fruit             |       |       |     8 |       |     5 |       ||    13
       Royal jelly       |       |       |       |     3 |     2 |       ||     5
Armor: Animal skin       |    18 |    24 |     8 |       |       |       ||    50
       Chain mail        |       |       |   111 |   227 |    86 |       ||   424
       Plate armour      |       |       |    15 |    68 |   539 |    18 ||   640
Dodge: Dodged            |    49 |    54 |   111 |   253 |   705 |    22 ||  1194
Block: Other             |       |       |    39 |    97 |     2 |       ||   138
       Reflection        |       |       |     1 |     2 |       |       ||     3
       Shield            |       |       |       |    48 |       |       ||    48

Table legend:
 A = Spawn XP
 B = Non-spawn XP
 C = Spawn XP percentage of total XP
 D = Spawn monster count
 E = Non-spawn monster count
 F = Spawn count percentage of total count
 G = Total turns spent on level
                    A         B        C        D         E        F      G
               +---------+---------+-------+---------+---------+-------+---------
         Total |       0 |  158454 |   0.0 |       0 |     810 |   0.0 | 25135
               +---------+---------+-------+---------+---------+-------+---------
           D:1 |       0 |      35 |   0.0 |       0 |      20 |   0.0 |   442
           D:2 |       0 |     137 |   0.0 |       0 |      26 |   0.0 |   845
           D:3 |       0 |     476 |   0.0 |       0 |      25 |   0.0 |   901
           D:4 |       0 |     443 |   0.0 |       0 |      14 |   0.0 |  1233
           D:5 |       0 |    1909 |   0.0 |       0 |      31 |   0.0 |  1213
           D:6 |       0 |     773 |   0.0 |       0 |      20 |   0.0 |   590
           D:7 |       0 |    1322 |   0.0 |       0 |      27 |   0.0 |   811
           D:8 |       0 |    2512 |   0.0 |       0 |      39 |   0.0 |  1018
           D:9 |       0 |    2931 |   0.0 |       0 |      27 |   0.0 |  1506
          D:10 |       0 |    6464 |   0.0 |       0 |      51 |   0.0 |  1444
          D:11 |       0 |    3891 |   0.0 |       0 |      21 |   0.0 |   821
          D:12 |       0 |   10843 |   0.0 |       0 |      50 |   0.0 |   568
          D:13 |       0 |   18607 |   0.0 |       0 |      71 |   0.0 |  1124
          D:14 |       0 |    8866 |   0.0 |       0 |      44 |   0.0 |   763
          D:15 |       0 |   16948 |   0.0 |       0 |      42 |   0.0 |   965
        Lair:1 |       0 |    2320 |   0.0 |       0 |      25 |   0.0 |  1304
        Lair:2 |       0 |    2154 |   0.0 |       0 |      13 |   0.0 |   639
        Lair:3 |       0 |   12551 |   0.0 |       0 |      40 |   0.0 |  2062
        Lair:4 |       0 |    5049 |   0.0 |       0 |      19 |   0.0 |   904
        Lair:5 |       0 |    6890 |   0.0 |       0 |      24 |   0.0 |  1188
        Lair:6 |       0 |   21362 |   0.0 |       0 |      79 |   0.0 |  1826
         Orc:1 |       0 |    6620 |   0.0 |       0 |      36 |   0.0 |   922
         Orc:2 |       0 |   17418 |   0.0 |       0 |      58 |   0.0 |  1314
      Depths:1 |       0 |    6868 |   0.0 |       0 |       7 |   0.0 |   133
           Lab |       0 |    1065 |   0.0 |       0 |       1 |   0.0 |   599
               +---------+---------+-------+---------+---------+-------+---------
